 Dungeon Crawl Stone Soup version 0.18-a0-1308-g45b86c9 (webtiles) character file.

51 Reinor the Ducker (level 3, -7/17 HPs)
             Began as a Spriggan Abyssal Knight on Feb 13, 2016.
             Was a Follower of Lugonu.
             Killed by nerve-wracking pain
             ... invoked by Grinder
              (14 damage)
             ... on level 3 of the Dungeon.
             The game lasted 00:05:58 (2591 turns).

Reinor the Ducker (Spriggan Abyssal Knight)         Turns: 2591, Time: 00:05:58

Health: -7/17      AC:  2    Str:  8    XL:     3   Next: 57%
Magic:  14/14      EV: 18    Int: 14    God:    Lugonu [*.....]
Gold:   180        SH:  0    Dex: 15    Spells: 0 memorised, 2 levels left

rFire  + . .     SeeInvis +     a - +1 short sword
rCold  + . .     Gourm    .     b - +0 robe
rNeg   . . .     Faith    .     (shield restricted)
rPois  .         Spirit   .     (helmet restricted)
rElec  .         Dismiss  .     (no cloak)
rCorr  .         Reflect  .     (gloves unavailable)
SustAt .         Harm     .     (boots unavailable)
MR     .....                    (no amulet)
Stlth  +++.......               n - ring of protection from cold
                                i - ring of magical power

@: very quick, not resistant to hostile enchantments, fairly stealthy
A: unfitting armour, antennae 1, see invisible, fire resistance 1, herbivore 3,
speed 3, frail 1, slow metabolism 2
a: Depart the Abyss, Renounce Religion


You were on level 3 of the Dungeon.
You worshipped Lugonu.
Lugonu was aware of your devotion.
You were not hungry.

You visited 1 branch of the dungeon, and saw 3 of its levels.
You visited the Abyss 1 time.

You collected 180 gold pieces.

Inventory:

Hand Weapons
 a - a +1 short sword (weapon)
Armour
 b - a +0 robe (worn)
Jewellery
 i - a ring of magical power (left hand)
 n - a ring of protection from cold (right hand)
Scrolls
 g - a scroll of remove curse
 h - 4 scrolls of teleportation
Potions
 e - 2 potions of haste
 j - a potion of berserk rage {unknown}
 m - 3 potions of flight {unknown}
 o - a potion of might {unknown}
Books
 f - a book of Conjurations

   Spells                             Type                      Level
   a - Magic Dart                     Conjuration                  1
   b - Searing Ray                    Conjuration                  2
   c - Dazzling Spray                 Conjuration/Hexes            3
   d - Fulminant Prism                Conjuration/Hexes            4
   e - Iskenderun's Mystic Blast      Conjuration                  4
   f - Iskenderun's Battlesphere      Conjuration/Charms           5
Comestibles
 c - 3 bread rations
 d - a royal jelly


   Skills:
 - Level 2.4 Fighting
 + Level 3.5 Short Blades
 - Level 3.5 Dodging
 + Level 3.5 Stealth
 - Level 1.7 Invocations


You had 2 spell levels left.
You didn't know any spells.

Dungeon Overview and Level Annotations

Branches:
Dungeon (3/15)

Altars:

Annotations:
D:3 Grinder


Innate Abilities, Weirdness & Mutations

You are tiny and cannot use many weapons and most armour.
You have supernaturally acute eyesight.
You are an herbivore.
You cover ground extremely quickly.
You need consume almost no food.
You have a pair of small antennae on your head.
Your flesh is heat resistant.
You are frail (-10% HP).


Message History

You hit Grinder but do no damage.
Grinder is moderately wounded.
Grinder closely misses you.
You hit Grinder.
Grinder is moderately wounded.
Grinder barely misses you.
You hit Grinder.
Grinder is moderately wounded.
Grinder hits you!
Ouch! That really hurt!
You writhe in agony.
You barely miss Grinder.
Grinder is moderately wounded.
Grinder closely misses you.
You completely miss Grinder.
Grinder is moderately wounded.
Grinder gestures at you. Pain shoots through your body!
Ouch! That really hurt!
You die...

######### ....$...# #.......#
#.......## +.........
#..5....# #.@.....#
######.###### #......##
#..!....# #......†## #####
#$.......####[### #....
................. #....
###############..###.##+##....
#........#.......(%...........


You could see Grinder.

Vanquished Creatures
  An adder (D:2)
  An ooze (D:2)
  2 giant geckos (D:1)
  2 giant cockroaches (D:1)
  8 goblins
  A hobgoblin (D:3)
  3 jackals
  A quokka (D:3)
  A ball python (D:3)
  5 bats
  3 giant newts
  2 kobolds (D:1)
  5 rats
35 creatures vanquished.

Notes
Turn   | Place    | Note
--------------------------------------------------------------
     0 | Abyss:1  | Reinor the Spriggan Abyssal Knight began the quest for the Orb.
     0 | Abyss:1  | Reached XP level 1. HP: 11/11 MP: 3/3
    24 | Abyss:1  | Found a corrupted altar of Lugonu.
   137 | Abyss:4  | Noticed a small abomination
   141 | Abyss:4  | Noticed a sixfirhy
   141 | Abyss:4  | Noticed a sixfirhy
   141 | Abyss:4  | Noticed a wretched star
   143 | D:1      | Escaped the Abyss
   474 | D:1      | Reached skill level 1 in Stealth
   605 | D:1      | Reached * piety under Lugonu
   605 | D:1      | Reached XP level 2. HP: 10/16 MP: 4/4
  1359 | D:2      | Reached XP level 3. HP: 19/19 MP: 5/5
  1725 | D:2      | Gained mutation: Your body sometimes deteriorates upon taking damage. [potion of mutation]
  1725 | D:2      | Gained mutation: You evolve. [potion of mutation]
  1726 | D:2      | Gained mutation: You are frail (-10% HP). [potion of mutation]
  1727 | D:2      | Lost mutation: You evolve. [potion of cure mutation]
  1727 | D:2      | Lost mutation: You are frail (-10% HP). [potion of cure mutation]
  1727 | D:2      | Lost mutation: Your body sometimes deteriorates upon taking damage. [potion of cure mutation]
  1728 | D:2      | Gained mutation: You are frail (-10% HP). [potion of mutation]
  1728 | D:2      | Gained mutation: You have a pair of small antennae on your head. [potion of mutation]
  1728 | D:2      | Gained mutation: Your flesh is heat resistant. [potion of mutation]
  2580 | D:3      | Noticed Grinder
  2591 | D:3      | Killed from afar by Grinder

Vault maps used:
D:1:      dpeg_arrival_line_fractal, minmay_misc_feat_encased
D:2:      first_bread
D:3:      nicolae_qazlal_eye_of_the_storm, old_standard_altar, minivault_26,
          st_stairs_11, uniq_grinder, uniq_iyjb
Abyss:3:  evilmike_abyss_exit_6, hangedman_abyss_or_decor_slice
Abyss:4:  abyss_furniture_001, hangedman_abyss_rune_macabre_mess,
          due_exit_kobolds

Action                   || total
-------------------------++-------
Melee: Short sword       ||   117
Invok: Depart the Abyss  ||     1
  Use: Scroll            ||     8
       Potion            ||     4
 Stab: Sleeping          ||     7
